 Dungeon Crawl Stone Soup version 0.25-a0-294-gea9b1ad (webtiles) character file.

Game seed: 10092578990024946391, levelgen mode: deterministic

78 MrTaco21 the Cudgeler (level 4, -4/28 HPs)
             Began as a Gargoyle Fighter on Dec 18, 2019.
             Killed by divine providence
             ... invoked by an orc priest
              (16 damage)
             ... on level 3 of the Dungeon.
             The game lasted 00:04:03 (1469 turns).

MrTaco21 the Cudgeler (Gargoyle Fighter)            Turns: 1469, Time: 00:04:03

Health: -4/28      AC: 13    Str: 20    XL:     4   Next: 36%
Magic:  4/4        EV:  5    Int:  9    God:
Gold:   170        SH:  9    Dex:  9    Spells: 3/3 levels left

rFire    . . .     SeeInvis .   a - +0 flail
rCold    . . .     Gourm    .   c - +0 shield
rNeg     + . .     Faith    .   o - +0 chain mail
rPois    ∞         Spirit   .   (no helmet)
rElec    +         Reflect  .   b - scarf {cloud immunity}
rCorr    +         Harm     .   h - +0 pair of gloves
MR       .....                  (no boots)
Stlth    ..........             f - amulet of regeneration
HPRegen  0.49/turn              t - ring of resist corrosion
MPRegen  0.09/turn              (no ring)

@: no status effects
A: negative energy resistance 1, electricity resistance, unbreathing,
petrification resistance, rot immunity, AC +3
a: no special abilities


You were on level 3 of the Dungeon.
You were not hungry.

You visited 1 branch of the dungeon, and saw 3 of its levels.

You collected 170 gold pieces.

Inventory:

Hand Weapons
 a - a +0 flail (weapon)
Armour
 b - a scarf of cloud immunity (worn)
   (You found it on level 2 of the Dungeon)
 c - a +0 shield (worn)
 h - a +0 pair of gloves (worn)
   (You found it on level 1 of the Dungeon)
 o - a +0 chain mail (worn)
   (You found it on level 1 of the Dungeon)
Jewellery
 f - an amulet of regeneration (around neck)
   (You found it on level 2 of the Dungeon)
 t - a ring of resist corrosion (left hand)
   (You found it on level 2 of the Dungeon)
Scrolls
 g - 3 scrolls of identify {@r1}
 k - a scroll of magic mapping {unknown}
 m - a scroll of remove curse {@r2}
 q - a scroll of noise {unknown}
 r - 2 scrolls of enchant armour
 s - a scroll of enchant weapon {unknown}
Potions
 d - 3 potions of might
 i - a potion of flight {unknown}
 j - a potion of lignification {unknown}
 l - a potion of magic {unknown}
 n - a potion of cancellation {unknown}
Comestibles
 e - 6 rations {!d}
 p - 2 chunks of flesh


   Skills:
 - Level 3.2 Fighting
 + Level 4.5 Maces & Flails
 - Level 3.2 Armour
 - Level 3.2 Shields


You had 3 spell levels left.
You didn't know any spells.
Your spell library was empty.

Dungeon Overview and Level Annotations

Branches:
Dungeon (3/15)

Altars:
Wu Jian


Innate Abilities, Weirdness & Mutations

You are resistant to torment.
Your stone body is resilient. (AC +3)
You are immune to poison.
You resist negative energy. (rN+)
You are resistant to electric shocks. (rElec)
You can survive without breathing.
You are immune to petrification.
You are immune to rotting.


Message History

The jackal bites you but does no damage.
The jackal barely misses you. The orc barely misses you.
You block the jackal's attack. x2
You barely miss the orc.
The jackal bites you but does no damage.
The jackal barely misses you.
The orc priest looks braver for a moment.
You block the orc's attack.
The jackal bites you but does no damage. x2
The orc hits you but does no damage.
You closely miss the orc. You block the jackal's attack.
The jackal bites you but does no damage.
The jackal bites you. You block the jackal's attack.
The orc closely misses you.
You closely miss the orc. You block the jackal's attack. x2
The orc hits you but does no damage.
The jackal bites you but does no damage. x2
You hit the orc but do no damage. You block the jackal's attack.
The orc hits you but does no damage. You block the jackal's attack.
You hit the orc.
You kill the orc!
The jackal bites you but does no damage. x3
You block the jackal's attack.
The orc priest hits you but does no damage.
Your shield and chain mail prevent you from hitting the orc priest.
The jackal bites you but does no damage.
You block the jackal's attack. The jackal barely misses you.
The orc priest calls down the wrath of Beogh upon you.
Beogh smites you!
Ouch! That really hurt!
* * * LOW HITPOINT WARNING * * *
The jackal bites you.
* * * LOW HITPOINT WARNING * * *
Your chain mail prevents you from hitting the orc priest.
The jackal barely misses you. You block the jackal's attack.
The orc priest barely misses you. The jackal barely misses you.
You closely miss the orc priest.
The jackal bites you but does no damage.
The orc priest hits you but does no damage.
You block the jackal's attack. The jackal barely misses you.
You closely miss the orc priest. You block the jackal's attack.
The jackal bites you but does no damage.
The orc priest hits you but does no damage.
The jackal bites you.
* * * LOW HITPOINT WARNING * * *
The jackal bites you but does no damage.
The orc priest invokes the aid of Beogh against you.
Beogh smites you!
Ouch! That really hurt!
You die...

.. ... .# .# ..[ ...
.# #.# #.# .# #.#
#.# .# #.# #.# .#
#.# #.## .#
#.###..#######
.######..........h.#
.[..............@h.#
#####.######.#.##o.#
#####.######.#.#
.....
.............#.#
.#####
####..########.# .#
#..########.# .#
#............ ..
##.########.# .#
#.########.#


You could see an orc priest and 2 jackals.

Vanquished Creatures
  3 adders
  A worm (D:2)
  2 dart slugs (D:2)
  A leopard gecko (D:2)
  3 orcs (D:3)
  A ball python (D:1)
  4 bats
  2 giant cockroaches (D:2)
  4 goblins
  4 hobgoblins
  A jackal (D:3)
  A quokka (D:2)
  3 frilled lizards
  5 kobolds
  9 rats
44 creatures vanquished.

Notes
Turn   | Place    | Note
-------+----------+-------------------------------------------
     0 | D:1      | MrTaco21 the Gargoyle Fighter began the quest for the Orb.
     0 | D:1      | Reached XP level 1. HP: 14/14 MP: 1/1
   181 | D:1      | Reached XP level 2. HP: 14/19 MP: 2/2
   305 | D:1      | Reached skill level 3 in Maces & Flails
   885 | D:2      | Reached XP level 3. HP: 20/23 MP: 3/3
  1127 | D:2      | Reached skill level 4 in Maces & Flails
  1264 | D:2      | Found an ornate altar of the Wu Jian Council.
  1318 | D:2      | Reached XP level 4. HP: 24/28 MP: 4/4
  1469 | D:3      | Killed from afar by an orc priest

Levels and vault maps discovered:
D:1:      evilmike_arrival_crescent, layout_basic, minmay_pentomino_q4
D:2:      layout_basic, lemuel_round_altar
D:3:      minmay_roachtagon, layout_loops_ring

Skill      XL: |  1  2  3 |
---------------+----------+-----
Maces & Flails | 3 4 |  4.5
Fighting       | |  3.2
Armour         | |  3.2
Shields        | |  3.2

Action                   |  1- 3 |  4- 6 || total
-------------------------+-------+-------++-------
Melee: Flail             |   180 |    36 ||   216
  Use: Scroll            |     2 |     2 ||     4
  Eat: Chunk             |     2 |       ||     2
Armor: Scale mail        |    54 |       ||    54
       Chain mail        |    57 |    72 ||   129
Dodge: Dodged            |    57 |    19 ||    76
Block: Shield            |   106 |    44 ||   150

Table legend:
 A = Non-vault XP
 B = Vault XP
 C = Vault XP percentage of total XP
 D = Non-vault monster count
 E = Vault monster count
 F = Vault count percentage of total count
                 A         B        C        D         E       F
            +---------+---------+-------+---------+---------+-------
      Total |     112 |       0 |   0.0 |      44 |       0 |   0.0
            +---------+---------+-------+---------+---------+-------
        D:1 |      27 |       0 |   0.0 |      20 |       0 |   0.0
        D:2 |      61 |       0 |   0.0 |      19 |       0 |   0.0
        D:3 |      24 |       0 |   0.0 |       5 |       0 |   0.0
            +---------+---------+-------+---------+---------+-------
